Cogmind - Beta 10.1 @@@ ROGUE MODE // 2020.10.21 @ 21:13:23 Player: Tmvn Result: Destroyed by as-26656 with Assembled Blade Performance ------------- Evolutions (0) 0 Regions Visited (2) 400 Robots Destroyed (29) 145 Value Destroyed (467) 467 Prototype IDs (0) 0 Alien Tech Used (0) 0 Bonus (0) 0 TOTAL SCORE: 1012 Bonus ------- None Cogmind --------- Core Integrity 0/250 Matter 177/300 Energy 125/125 System Corruption 5% Temperature Cool (0) Movement Treading (180) Ox1 Location -10/Mines Parts ------- > --- POWER (1) -------- Light Ion Engine > --- PROPULSION (2) --- Improved Treads Improved Treads > --- UTILITY (2) ------ Large Storage Unit High-capacity Storage Unit > --- WEAPON (2) ------- Mini Grenade Launcher > --- INVENTORY (18) --- Ion Engine Light Ion Engine Wheel Medium Storage Unit Large Storage Unit Weight Redist. System Sensor Array Signal Interpreter Improved Terrain Scanner Terrain Scan Processor Propulsion Shielding Propulsion Shielding Improved Light Armor Plating EM Pulse Gun EM Pulse Gun Light Assault Rifle Light Assault Rifle Mini Grenade Launcher Peak State ------------ > --- POWER ------------ Ion Engine > --- PROPULSION ------- Improved Treads Improved Treads > --- UTILITY ---------- Large Storage Unit High-capacity Storage Unit > --- WEAPON ----------- Grenade Launcher Mini Grenade Launcher > --- INVENTORY -------- Light Ion Engine Wheel Medium Storage Unit Large Storage Unit Weight Redist. System Sensor Array Signal Interpreter Improved Terrain Scanner Terrain Scan Processor Propulsion Shielding Propulsion Shielding Improved Light Armor Plating EM Pulse Gun EM Pulse Gun Light Assault Rifle Light Assault Rifle [Rating: 12] Favorites ----------- Power Ion Engine Engine Ion Engine Propulsion Improved Treads Treads Improved Treads Leg Aluminum Leg Wheel Wheel Utility Large Storage Unit Device Improved Terrain Scanner Storage Large Storage Unit Weapon Light Assault Rifle Energy Gun EM Pulse Gun Ballistic Gun Light Assault Rifle Launcher Grenade Launcher Build | -11 -10 -10 ------- Run | Scr Mat Min Slots Evolved . | . . . Power . | . . . Propulsion . | . . . Utility . | . . . Weapon . | . . . Parts Attached 26 | . 21 5 Power 7 | . 5 2 Engine 7 | . 5 2 Core . | . . . Reactor . | . . . Propulsion 7 | . 6 1 Treads 6 | . 5 1 Leg . | . . . Wheel 1 | . 1 . Hover . | . . . Flight . | . . . Utility 4 | . 4 . Device 1 | . 1 . Storage 3 | . 3 . Processor . | . . . Hackware . | . . . Protection . | . . . Artifact . | . . . Weapon 8 | . 6 2 Energy Gun 1 | . 1 . Energy Cannon . | . . . Ballistic Gun 5 | . 5 . Ballistic Cannon . | . . . Launcher 2 | . . 2 Special Weapon . | . . . Impact Weapon . | . . . Slashing Weapon . | . . . Piercing Weapon . | . . . Special Melee Weapon . | . . . Unidentified Prototypes . | . . . Parts Lost 9 | . 5 4 Power 1 | . . 1 Propulsion 3 | . 2 1 Utility . | . . . Weapon 5 | . 3 2 Highest Loss Streak 3 | . 2 3 Average Slot Usage (%) 99 | . 99 98 Engine 13 | . 14 13 Treads 21 | . 19 28 Wheel 6 | . 8 . Device 3 | . 4 . Storage 24 | . 23 28 Energy Gun 3 | . 4 . Ballistic Gun 20 | . 22 9 Launcher 3 | . . 18 Naked Turns . | . . . Heaviest Build 57 | 12 55 57 Greatest Support 46 | 20 46 46 Greatest Overweight (x) 2 | . 2 1 Average Overweight (x) . | . . 1 Largest Inventory Capacity 18 | . 18 18 Average Capacity 14 | . 13 18 Most Carried 18 | . 18 18 Average Carried 11 | . 10 17 Final Capacity 18 | 6 18 18 Final Carried 18 | 6 17 18 Class Distribution -------------------- 100% | Mutant Dominant Class ---------------- Mutant | -10/Materials Mutant | -10/Mines Resources | -11 -10 -10 ----------- Run | Scr Mat Min Matter Collected 662 | 200 239 223 Remotely . | . . . Salvage Created 702 | . 549 153 Parts 35 | . 31 4 Haulers Intercepted 1 | . 1 . Recyclers Shooed 1 | . . 1 Parts Field Recycled . | . . . Retrieved Matter . | . . . Parts Self-Destructed . | . . . Prevented . | . . . Kills | -11 -10 -10 ------- Run | Scr Mat Min Combat Hostiles Destroyed 27 | . 14 13 Guns 14 | . 14 . AOE 13 | . . 13 Classes Destroyed 5 | . 3 2 Hauler 1 | . 1 . Recycler 1 | . . 1 Swarmer 6 | . 6 . Grunt 10 | . 8 2 Assembled 11 | . . 11 Best Kill Streak 10 | . 3 10 Combat Bots Only 9 | . 3 9 Max Kills in Single Turn 3 | . 1 3 Gunslinging . | . . . Exploded 3 | . . 3 Melee . | . . . Uniques/NPCs Destroyed . | . . . Combat | -11 -10 -10 -------- Run | Scr Mat Min Damage Taken 1631 | . 877 754 Core 274 | . 94 180 Absorbed by Shields . | . . . Core Remaining (%) 100 | 100 . . Volleys Fired 86 | . 63 23 Largest 2 | . 2 2 Hottest 60 | . 60 60 Shots Fired 159 | . 120 39 Gun 131 | . 120 11 Cannon . | . . . Launcher 28 | . . 28 Special . | . . . Kinetic 91 | . 80 11 Thermal 24 | . 24 . Explosive 28 | . . 28 Electromagnetic 16 | . 16 . Robot Hit Streak 17 | . 17 9 Robot Miss Streak 3 | . 3 2 Penetration Max . | . . . Secondary Targets . | . . . Shots Hit Robots 101 | . 79 22 Core Hits 66 | . 35 31 Critical Hits . | . . . Critical Kills . | . . . Critical Parts Destroyed . | . . . Melee Attacks . | . . . Impact . | . . . Slashing . | . . . Piercing . | . . . Sneak Attacks . | . . . Combat Hostiles . | . . . Follow-up Attacks . | . . . Damage Inflicted 1754 | . 748 1006 Guns 759 | . 697 62 Cannons . | . . . Explosions 986 | . 42 944 Melee . | . . . Ramming 9 | . 9 . Kinetic 503 | . 441 62 Thermal 124 | . 124 . Explosive 944 | . . 944 Electromagnetic 174 | . 174 . Impact . | . . . Slashing . | . . . Piercing . | . . . Highest Corruption 5 | . . 5 Average Corruption 5 | . . 5 Corruption Purged . | . . . Effects 5 | . . 5 Message Errors 2 | . . 2 Misfires 1 | . . 1 Targeting Errors 2 | . . 2 Overload Shots . | . . . Overflow Damage 29 | . . 29 Projectiles . | . . . Explosions 29 | . . 29 Melee . | . . . Knockbacks . | . . . Impact . | . . . Kinetic . | . . . Secondary . | . . . Self-Inflicted Damage 248 | . 35 213 Shots 7 | . 1 6 Rammed 1 | . 1 . Targets Rammed 1 | . 1 . Kicked . | . . . Crushed . | . . . Highest Temperature 131 | . 131 40 Average Temperature 35 | . 39 17 Received Heat Transfer 501 | . 351 150 Siege Activations . | . . . Robots Corrupted . | . . . Combat Hostiles . | . . . Parts Fried . | . . . Impact Corruptions . | . . . Robots Melted . | . . . Combat Hostiles . | . . . Parts Melted . | . . . Heat Transferred 275 | . 275 . Parts Sabotaged . | . . . Parts Stolen . | . . . Parts Stripped . | . . . Power Chain Reactions . | . . . Missiles Intercepted . | . . . Alert | -11 -10 -10 ------- Run | Scr Mat Min Peak Influence 262 | . 262 123 Initial 73 | . . 73 Average 95 | . 91 109 Maximum Alert Level 1 | . 1 . Low Security (%) 96 | . 95 100 Level 1 3 | . 4 . Level 2 . | . . . Level 3 . | . . . Level 4 . | . . . Level 5 . | . . . High Security . | . . . Max Security . | . . . Squads Dispatched 4 | . 4 . Investigation 3 | . 3 . Extermination . | . . . Reinforcement 1 | . 1 . Assault . | . . . Garrison . | . . . Intercept . | . . . Construction Impeded . | . . . Haulers Reinforced . | . . . Stealth | -11 -10 -10 --------- Run | Scr Mat Min Distress Signals 4 | . 4 . Communications Jammed . | . . . Distress Signals . | . . . Times Spotted 44 | . 29 15 Peak Tracking Total 6 | . 5 6 Tactical Retreats 4 | . 4 . Traps | -11 -10 -10 ------- Run | Scr Mat Min Traps Triggered 1 | . 1 . Indirectly . | . . . Trap Hack Attempts . | . . . Triggered . | . . . Disarmed . | . . . Reprogrammed . | . . . Reused . | . . . Traps Extracted . | . . . Installed . | . . . Triggered . | . . . Machines | -11 -10 -10 ---------- Run | Scr Mat Min Machines Disabled 2 | . 2 . Max in Single Turn 1 | . 1 . Machines Sabotaged . | . . . Garrisons Compromised . | . . . Overloaded Fab Kills . | . . . Fab Network Shutdowns . | . . . Hacking | -11 -10 -10 --------- Run | Scr Mat Min Machines Accessed 8 | . 8 . Terminals 6 | . 6 . Fabricators . | . . . Repair Stations . | . . . Recycling Units 2 | . 2 . Scanalyzers . | . . . Garrison Access . | . . . Total Hacks 24 | . 24 . Successful 15 | . 15 . Failed 8 | . 8 . Catastrophic 1 | . 1 . Database Lockouts 1 | . 1 . Manual 25 | . 25 . Terminals 19 | . 19 . Fabricators . | . . . Repair Stations . | . . . Recycling Units 5 | . 5 . Scanalyzers . | . . . Garrison Access . | . . . Terminal Hacks 9 | . 9 . Robot Analysis 3 | . 3 . Branch Access Points 1 | . 1 . Unreport Threat 1 | . 1 . Locate Traps 1 | . 1 . Maintenance Status 1 | . 1 . Zone Layout 2 | . 2 . Fabricator Hacks . | . . . Repair Station Hacks . | . . . Recycling Unit Hacks . | . . . Scanalyzer . | . . . Garrison Access Hacks . | . . . Unauthorized Hacks 6 | . 6 . Terminals 4 | . 4 . Track 3 | . 3 . Botnet 1 | . 1 . Fabricators . | . . . Repair Stations . | . . . Recycling Units 2 | . 2 . Tunnel 2 | . 2 . Scanalyzers . | . . . Garrison Access . | . . . Data Cores Recovered . | . . . Used . | . . . Hacking Detections 6 | . 6 . Full Trace Events . | . . . Feedback Events . | . . . Feedback Blocked . | . . . Robot Schematics Acquired . | . . . Robots Built . | . . . Matter . | . . . Time . | . . . Total Robot Build Rating . | . . . Part Schematics Acquired . | . . . Parts Built . | . . . Matter . | . . . Time . | . . . Total Part Build Rating . | . . . Parts Repaired . | . . . Time . | . . . Parts Recycled . | . . . Recycled Matter . | . . . Retrieved Matter . | . . . Retrieved Components . | . . . Parts Scanalyzed . | . . . Part Schematics Acquired . | . . . Parts Damaged . | . . . Bothacking | -11 -10 -10 ------------ Run | Scr Mat Min Used RIF Installer . | . . . Robots Hacked . | . . . Non-combat . | . . . Combat . | . . . Robot Hacks Applied . | . . . Relay Couplers Released . | . . . Robots Rewired . | . . . Allies Hacked . | . . . Hacks Repelled . | . . . Allies | -11 -10 -10 -------- Run | Scr Mat Min Total Allies . | . . . Largest Group . | . . . Highest-Rated Group . | . . . Highest-Rated Ally . | . . . Total Orders . | . . . Ally Attacks . | . . . Total Damage . | . . . Kills . | . . . Allies Corrupted . | . . . Allies Melted . | . . . Intel | -11 -10 -10 ------- Run | Scr Mat Min Robot Analysis Total 3 | . 3 . Derelict Logs Recovered 1 | . . 1 Drone Launches . | . . . Drone Recoveries . | . . . Exploration | -11 -10 -10 ------------- Run | Scr Mat Min Turns Passed 1764 | . 1418 346 Spaces Moved 934 | 1 779 154 Core . | . . . Treads 722 | . 568 154 Legs 2 | 1 1 . Wheels 210 | . 210 . Hover . | . . . Flight . | . . . Fastest Speed 90 | 120 90 180 Average Speed 156 | 120 152 180 Slowest Speed 200 | 120 200 180 Overloaded Moves . | . . . Propulsion Burnouts . | . . . Robots Hopped . | . . . Cave-ins Triggered . | . . . Exploration Rate (%) 45 | 2 97 37 Regions Visited 2 Branch Regions 1 Pre-discovered Areas 2 | . 2 . Known Exits Taken 1 | . 1 . Unknown Exits Taken 1 | 1 . . Scrap Searched . | . . . Spaces Dug . | . . . Terrain Destroyed 194 | . . 194 Melee . | . . . Projectile . | . . . AOE 194 | . . 194 Terrain Rammed . | . . . Walls Destroyed . | . . . Machines Disabled . | . . . Actions | -11 -10 -10 --------- Run | Scr Mat Min Total 1099 | . 913 186 Wait 21 | . 19 2 Move 932 | . 778 154 Hop . | . . . Pick Up 19 | . 17 2 Fast Attach 3 | . 2 1 Attach 9 | . 7 2 Detach 1 | . 1 . Swap 14 | . 12 2 Drop 13 | . 13 . Fire 86 | . 63 23 Melee . | . . . Ram . | . . . Kick . | . . . Crush 1 | . 1 . Escape Stasis . | . . . Rewire . | . . . Trap . | . . . Miscellaneous . | . . . Route ------- -11/Scrapyard -10/Materials (discovered 4 exits: [*Mat x3] / *Min) -10/Mines History --------- Turn | Location | Event 1 | -11/Scrapyard | Discovered new exit (range 0) 1 | -11/Scrapyard | Entered Materials 246 | -10/Materials | Discovered new exit (range 14) 318 | -10/Materials | Build established: Mutant 476 | -10/Materials | Discovered new exit (range 7) 1231 | -10/Materials | Discovered new exit (range 11) 1301 | -10/Materials | Identified exit to Mines 1301 | -10/Materials | Central database locked down 1419 | -10/Materials | Entered Mines 1425 | -10/Mines | Met a Derelict bent on vengeance 1513 | -10/Mines | Learned location of 1 exit from Materials 1541 | -10/Mines | Assembled infested the area 1546 | -10/Mines | Assisted by a Guerilla fighting off Assembled 1627 | -10/Mines | Core integrity fell below 50% 1668 | -10/Mines | Lost 3 parts (1p1n1w) 1683 | -10/Mines | Destroyed 9 combat bots 1725 | -10/Mines | Core integrity fell below 20% 1765 | -10/Mines | Destroyed by as-26656 with Assembled Blade Last Messages --------------- 01663_ The unstable cave ceiling collapses. 01678_ Acquired 46 matter. 01681_ Acquired Mni. Grenade Launcher. 01682_ The unstable cave ceiling collapses. 01682_ Acquired 1 matter. 01691_ Acquired 99 matter. 01704_ The unstable cave ceiling collapses. 01724_ as-64982 destroyed. 01727_ Acquired 3 matter. 01732_ The unstable cave ceiling collapses. 01734_ B4628UO8NUPC6TK9RKJG3 01736_ System corrupted: Grenade Launcher targeting data glitched. 01743_ The unstable cave ceiling collapses. 01750_ as-18724 destroyed. 01750_ Grenade Launcher destroyed. 01750_ Destroyed Grenade Launcher. 01751_ The unstable cave ceiling collapses. 01756_ RSB/9KE/DX%VJL:OOH#J 01757_ The unstable cave ceiling collapses. 01763_ K-01 Serf destroyed. Map ----- +----------------------------------------------------+ | # ## #??????????## ##### | | ?# ### #?????????## #???## | | ??######?# ########### #########????##### | | ?????????# ##????????????????## | | ?????????############ #??????????????????# | | ????????????????????# #??????????????????## | | ????????????????????# #???????????????????## | | ????????????????????## ##????????????????##??# | | ?????????????????????### #????????????????? ??# ! | | ???????????????????????# #?????????????????# #?# | | ???????????????????????# #?????????????????# ### | | ???????????????????????# #?????????????????# # | | ???????????????????????% ?????????????????# | | ???????????????????????# ?????????????????# ## | | ???????????????????????# #?????????????????# # = | | ???????????????????????# #?????????????????# ## | | ???????????????????????# #???????????????### | | ???????????????????#???? ??????????????### # # | | ???????????????????# ??? ??????????????# | | ???????????????????# #?? ?????????????## | | ???????????????????? ? ??????######## | | ???????????????????#?# #####???# ### | | ???????????????????# # #???# ##### # ##?? | | ???????????????????# ##### #???# # #?? | | ???????????????????# ##???## ##? | | ???????????????????#= a@ #???# ! #? | | ??????????????# # ##???# # | | ????????????"" #######???## # | | ????????????"" $ ##??????????## # | | ????????????"" # # ##????????????## # | | ?????????????? a =%#??????????????# # | | ???????????? # ! ??????????????# ## | | ?????????????? ??????????????## ##? | | ?????????????? # # # ???????????????## ##?? | | ????????????? ?## ##!?????????????????###??? | | ????????????????# ####??!??????????????????????? | | ????????????????####??????=??????????????????????? | | ??????????????????????????=??????????????????????? | | ??????????????????????????!??????????????????????? | | ??????????????????????????*??????????????????????? | | ??????????????????????????=??????????????????????? | | ?????????????????????????????????????????????????? | | ?????????????????????????????????????????????????? | | ?????????????????????????????????????????????????? | | ?????????????????????????????????????????????????? | | ?????????????????????????????????????????????????? | | ?????????????????????????????????????????????????? | | ?????????????????????????????????????????????????? | | ?????????????????????????????????????????????????? | | ?????????????????????????????????????????????????? | +----------------------------------------------------+ Best States ------------- Heat Dissipation 25 Energy Generation 10 Energy Capacity 250 Matter Stores 300 Matter Capacity 300 Sight Range 16 Terrain Scan Range 16 Terrain Scan Density 10 Evasion (%) 42 Recoil Reduction 2 Item Schematics ----------------- None Robot Schematics ------------------ None Fabricated ------------ Nothing Alien Tech Used ----------------- None Achievements -------------- None Challenges ------------ None Game ------ Seed BladeChromaticApparatus Manual? 0 Play Time 00:21:11 Cumulative 68.9 hours Start 2020.10.20 @ 03:23:12 End 2020.10.21 @ 21:13:23 Sessions 5 Manual Loads 0 Difficulty Rogue Special Mode None Game No. 109 Rogue 109 Adventurer 0 Explorer 0 Win Type - Total 1 Types 1/0/0/0/0/0/0/0/0 Lore% 30 Gallery% 48 Achievement% 36 Wizard Run 0 Options --------- ASCII 1 Keyboard 1 Movement Vi Keybinds 0 Fullscreen 2 Font 24/Smallcaps Map View 76x50 Tactical HUD 1 Map Filters SATURATION(70) Filters SATURATION(65)|SHIFT_HUE(15) Steam 1 RUN: 147d0098-cfeb-4941-bfcc-9de56376c58b